 Dungeon Crawl Stone Soup version 0.29-a0-813-g4a14ea37d6 (webtiles) character file.

Game seed: 1895756258993495628

522 polve the Spear-Bearer (level 7, -5/36 HPs)
             Began as a Tengu Berserker on July 4, 2022.
             Was a Believer of Trog.
             Slain by matt's ghost (6 damage)
             ... on level 4 of the Dungeon.
             The game lasted 00:04:08 (5747 turns).

polve the Spear-Bearer (Tengu Berserker)            Turns: 5747, Time: 00:04:09

Health: -5/36      AC:  5    Str: 19    XL:     7   Next: 22%
Magic:  0/8        EV: 14    Int:  8    God:    Trog [**....]
Gold:   142        SH:  0    Dex: 13    Spells: 6/6 levels left

rFire   . . .      SeeInvis +   a - +0 spear
rCold   + . .      Faith    .   (no shield)
rNeg    . . .      Spirit   +   j - +0 leather armour {rC+}
rPois   .          Reflect  .   (helmet restricted)
rElec   .          Harm     .   (no cloak)
rCorr   .          Rampage  .   (no gloves)
Will    .....                   (boots unavailable)
Stlth   +.........              m - amulet of guardian spirit
HPRegen 0.12/turn               g - ring of see invisible
MPRegen 0.11/turn               (no ring)

@: brilliant, on berserk cooldown, attractive, flying quickly and evasively,
slowed, very slow
A: beak, talons 3, nimble flight, iridescent scales 1, frail 1
a: Renounce Religion, Berserk, Trog's Hand


You were on level 4 of the Dungeon.
You worshipped Trog.
Trog was pleased with you.
You visited 1 branch of the dungeon, and saw 4 of its levels.

You collected 142 gold pieces.

Inventory:

Hand Weapons
 a - a +0 spear (weapon)
Armour
 j - a +0 leather armour of cold resistance (worn)
 v - a +0 pair of gloves
Jewellery
 g - a ring of see invisible (left hand)
 i - a ring of ice
 m - an amulet of guardian spirit (around neck)
 w - a +6 ring of strength
Wands
 b - a wand of polymorph (4)
Scrolls
 c - 3 scrolls of fear {unknown}
 d - 4 scrolls of identify {unknown}
 l - a scroll of torment {unknown}
 n - a scroll of enchant armour {unknown}
 o - a scroll of fog {unknown}
 q - a scroll of enchant weapon {unknown}
 s - a scroll of vulnerability {unknown}
 t - a scroll of blinking {unknown}
 u - a scroll of immolation {unknown}
Potions
 e - a potion of brilliance
 h - a potion of resistance {unknown}
 p - a potion of heal wounds


   Skills:
 - Level 3.0 Fighting
 + Level 8.8 Polearms
 - Level 2.1 Armour
 - Level 2.1 Dodging


You had 6 spell levels left.
You didn't know any spells.
Your spell library was empty.

Dungeon Overview and Level Annotations

Branches:
Dungeon (4/15)
 Temple: D:4-7

Altars:
Qazlal
Ru
Vehumet
Xom

Shops:
D:4 [

Annotations:
D:4 matt's ghost, amateur TrFi


Innate Abilities, Weirdness & Mutations

You have a beak for a mouth.
You have claws for feet.
Your magical nature lets you fly swiftly and evasively.
You are partially covered in iridescent scales. (AC +2)
You are frail. (-10% HP)


Message History

You start resting.
A kobold is nearby!
Reach: a) +0 spear
Press: ? - help, Dir - move target, f - kobold
Aim: a kobold, wielding a +0 whip of distortion (about 41% to evade your +0 spear)
You reach to attack!
You hit the kobold.
The kobold is severely wounded.
You hit the kobold.
You kill the kobold!
Trog accepts your kill.
Reach: a) +0 spear
Press: ? - help, Dir - move target, f - matt's ghost
Aim: matt's ghost (about 31% to evade your +0 spear)
You reach to attack!
You barely miss matt's ghost. You barely miss matt's ghost.
Matt's ghost hits you!
You barely miss matt's ghost. Matt's ghost misses you.
You closely miss matt's ghost. Your kick misses matt's ghost.
You peck matt's ghost. Your punch misses matt's ghost.
Matt's ghost is lightly damaged.
Matt's ghost hits you.
It was a potion of heal wounds.
You feel much better. Matt's ghost hits you!! Matt's ghost hits you!
It was a potion of brilliance.
You feel clever all of a sudden. Matt's ghost hits you.
* * * LOW HITPOINT WARNING * * *
It was a potion of mutation.
You feel extremely strange.
You feel frail.
Iridescent scales grow over part of your body.
Matt's ghost hits you!
* * * LOW HITPOINT WARNING * * *
Matt's ghost hits you.
* * * LOW HITPOINT WARNING * * *
It was a potion of attraction.
You feel attractive to monsters. Matt's ghost barely misses you.
It was a potion of berserk rage.
You're still recovering from your berserk rage.
Matt's ghost hits you!
You die...

##...........## #....## ##
##...........#######....# .#
##..........##.........# .##
#.....................# ..#
#.......#.)..........## .##
##......##..........###### .#
##.###..#................. .###
#.##_##...W#......######## .#.#
####...###@###.............
...####.#8.#.8#)###........######
....##..##...##)# ##.............
#..###..###.##..###.....######.##
....#...#♣#:##...##.....# #.#
............♣#...#......# #.#
........#♣#.##...K......# #.#
......#####.##..#.#K..### #.#
.......###...##.##...K### #.#


You could see matt's ghost.

Vanquished Creatures
  A black bear (D:4)
  A kobold brigand (D:4)
  A scorpion (D:4)
  A necrophage (D:4)
  A hound (D:4)
  A jelly (D:4)
  Ijyb (D:3)
  A statue (D:4)
  4 adders
  A river rat (D:3)
  An ufetubus (D:4)
  2 worms (D:2)
  A dart slug (D:4)
  2 orcs
  2 ball pythons
  6 endoplasms
  5 giant cockroaches
  4 goblins
  9 hobgoblins
  A jackal (D:4)
  6 quokkas
  3 bats
  5 frilled lizards
  19 kobolds
  3 rats
82 creatures vanquished.

Vanquished Creatures (others)
  3 fungi (D:4)
  A plant (D:4)
4 creatures vanquished.

Grand Total: 86 creatures vanquished

Notes
Turn   | Place    | Note
-------+----------+-------------------------------------------
     0 | D:1      | polve the Tengu Berserker began the quest for the Orb.
     0 | D:1      | Reached XP level 1. HP: 14/14 MP: 2/2
   557 | D:1      | Found a faded altar of an unknown god.
   625 | D:1      | Reached XP level 2. HP: 16/19 MP: 3/3
   706 | D:1      | Reached skill level 4 in Polearms
  1543 | D:2      | Reached XP level 3. HP: 20/23 MP: 4/4
  1948 | D:2      | You fall into a shaft and drop 1 floor!
  2937 | D:3      | Reached skill level 5 in Polearms
  2940 | D:3      | Noticed Ijyb
  2951 | D:3      | Reached XP level 4. HP: 28/28 MP: 5/5
  2955 | D:3      | Killed Ijyb
  2955 | D:3      | Reached ** piety under Trog
  3495 | D:3      | Reached skill level 6 in Polearms
  3546 | D:3      | Gained mutation: Your magical nature lets you fly swiftly
                  | and evasively. [Tengu growth]
  3546 | D:3      | Reached XP level 5. HP: 14/32 MP: 4/6
  4288 | D:4      | Found a sacrificial altar of Ru.
  4536 | D:4      | Reached skill level 7 in Polearms
  4536 | D:4      | Reached XP level 6. HP: 35/37 MP: 4/7
  4740 | D:4      | Found a runed translucent gate.
  4741 | D:4      | Found a runed translucent gate.
  4742 | D:4      | Found a runed translucent gate.
  4742 | D:4      | Noticed matt's ghost (amateur TrFi)
  4810 | D:4      | Found a shimmering altar of Xom.
  4817 | D:4      | Found a stormy altar of Qazlal.
  4846 | D:4      | Noticed a black bear
  4852 | D:4      | Killed a black bear
  4853 | D:4      | Reached skill level 8 in Polearms
  5114 | D:4      | Found Giuhait's Armour Emporium.
  5202 | D:4      | Found a radiant altar of Vehumet.
  5578 | D:4      | Reached XP level 7. HP: 38/41 MP: 8/8
  5745 | D:4      | Gained mutation: You are frail. (-10% HP) [potion of
                  | mutation]
  5745 | D:4      | Gained mutation: You are partially covered in iridescent
                  | scales. (AC +2) [potion of mutation]
  5745 | D:4      | HP: 1/36 [matt's ghost (1)]
  5747 | D:4      | Slain by matt's ghost

Illustrated notes

Levels and vault maps discovered:
D:1:      moated_graveyard_arrival, layout_basic,
          dreamdust_ecumenical_altar_hidden_monk_grotto
D:2:      layout_basic
D:3:      layout_loops_cross, portal_sewer_entry_a,
          minmay_fractal_squares_diagonal_5, uniq_ijyb
D:4:      layout_cave_pools, vehumet_statue,
          nicolae_ru_great_annihilating_truth, amethyst_overflow_temple_binary,
          gammafunk_ghost_nasty_kobolds, serial_co_window_serial,
          co_window_paths_a, co_window_corner_a, co_window_corner_a,
          co_window_paths_b, co_window_corner_a, co_window_paths_a,
          co_window_broadway_a, co_window_unsneaky_path_b, co_window_broadway_b,
          co_window_corner_b, serial_shops, nicolae_stop_n_shop_1

Skill      XL: |  1  2  3  4  5  6 |
---------------+-------------------+-----
Polearms       | 4 5 6 7 8 |  8.8
Fighting       | |  3.0
Armour         | |  2.1
Dodging        | |  2.1

Action                   |  1- 3 |  4- 6 |  7- 9 || total
-------------------------+-------+-------+-------++-------
Melee: Spear             |    91 |    97 |    23 ||   211
       Kick              |    16 |    22 |       ||    38
       Peck              |    12 |    11 |     4 ||    27
       Punch             |       |     1 |       ||     1
Invok: Berserk           |     1 |     3 |     1 ||     5
  Use: Potion            |       |       |     5 ||     5
 Stab: Sleeping          |     3 |       |       ||     3
       Paralysed         |       |     2 |       ||     2
       Invisible         |       |     1 |       ||     1
Armor: Animal skin       |     5 |       |       ||     5
       Leather armour    |     3 |    13 |       ||    16
Dodge: Dodged            |    36 |    42 |     5 ||    83

Table legend: (Time is in decaauts)
 A = Elapsed time spent in this place.
 B = Non-inter-level travel time spent in this place.
 C = Inter-level travel time spent in this place.
 D = Time resting spent in this place.
 E = Time spent auto-exploring this place.
 F = Levels seen in this place.
 G = Mean time per level.
                   A        B        C        D        E       F      G
               +--------+--------+--------+--------+--------+-----+--------+
         Total |   5602 |   5465 |    137 |     36 |   4976 |   4 | 1400.5 |
       Dungeon |   5602 |   5465 |    137 |     36 |   4976 |   4 | 1400.5 |
               +--------+--------+--------+--------+--------+-----+--------+

Top non-repeatable levels by time:
     D:4: 1606 daAuts
     D:2: 1531 daAuts
     D:1: 1325 daAuts
     D:3: 1139 daAuts
